 Dungeon Crawl Stone Soup version 0.31.0-9-g3a7656b989 (webtiles) character file.

Game seed: 9595726581357731391

8709 James the Basher (level 11, -1/235 HPs)
             Began as a Troll Gladiator on Feb 4, 2024.
             Was a Priest of Hepliaklqana.
             Slain by a black mamba (3 damage)
             ... on level 8 of the Dungeon.
             The game lasted 00:27:02 (8257 turns).

James the Basher (Troll Gladiator)                  Turns: 8257, Time: 00:27:02

Health: -1/235     AC: 32    Str: 28    XL:     11   Next: 13%
Magic:  10/10      EV:  1    Int:  4    God:    Hepliaklqana [***...]
Gold:   620        SH:  0    Dex: 11    Spells: 10/10 levels left

rFire   . . .        a - +3 flail (protect)
rCold   . . .        (no shield)
rNeg    . . .        C - melded +0 robe
rPois   +            m - melded +2 hat
rElec   .            (cloak currently unavailable)
rCorr   +            (gloves unavailable)
SInv    .            (boots unavailable)
Will    +....        e - amulet of regeneration Stlth
                     V - ring of willpower
HPRegen 2.19/turn    l - ring of resist corrosion
MPRegen 0.12/turn

%: no passive effects
@: berserking, tree-form, under a protective aura, very quick
A: stationary, stasis, torment immunity, boosted hp, reduced essence, large,
unfitting armour, (claws 3), regeneration 1, (shaggy fur 1), (tough skin 1)
a: Renounce Religion, Recall Ancestor, Ancestor Identity, Transference


You were on level 8 of the Dungeon.
You worshipped Hepliaklqana.
Hepliaklqana was most pleased with you.
You were a tree.
You visited 3 branches of the dungeon, and saw 12 of its levels.

You collected 620 gold pieces.

Inventory:

Hand Weapons
 a - a +3 flail of protection (weapon)
   (You took it off Edmund on level 6 of the Dungeon)
 b - the +8 sling of Avedaifa {freeze, rN+ Will+ Stlth+}
   (You found it on level 2 of the Dungeon)

   rN+:       It protects you from negative energy.
   Will+:     It increases your willpower.
   Stlth+:    It makes you more stealthy.
 E - a +0 dire flail
   (You took it off a two-headed ogre on level 8 of the Dungeon)
 H - a +2 war axe of venom
   (You found it on level 10 of the Dungeon)
 I - a +0 giant club
   (You took it off an ogre on level 4 of the Dungeon)
 W - a +3 trident
   (You took it off an orc on level 6 of the Dungeon)
 Y - a +0 halberd
   (You took it off a gnoll on level 6 of the Dungeon)
 Z - a +3 shortbow
   (You took it off a centaur on level 7 of the Dungeon)
Missiles
 d - 3 throwing nets (quivered) {!f}
 j - 33 poisoned darts
 r - a large rock
 J - 11 boomerangs
Armour
 m - a +2 hat (melded)
   (You found it on level 1 of the Dungeon)
 C - a +0 robe (melded)
Magical Staves
 n - a staff of cold
   (You found it on level 1 of the Dungeon)
Jewellery
 e - an amulet of regeneration (around neck)
   (You found it on level 2 of the Dungeon)
 l - a ring of resist corrosion (right branch)
   (You found it on level 9 of the Dungeon)
 V - a ring of willpower (left branch)
   (You found it on level 6 of the Dungeon)
Wands
 t - a wand of flame (13)
   (You found it on level 4 of the Dungeon)
 u - a wand of paralysis (7)
   (You found it on level 7 of the Dungeon)
 x - a wand of acid (9)
   (You found it on level 8 of the Dungeon)
 z - a wand of polymorph (8)
   (You found it on level 2 of the Dungeon)
 R - a wand of roots (16)
   (You found it on level 5 of the Dungeon)
 X - a wand of mindburst (7)
   (You found it on level 10 of the Dungeon)
Scrolls
 f - a scroll of brand weapon {unknown}
 g - a scroll of enchant armour
 k - 2 scrolls of vulnerability {!r}
 o - 2 scrolls of revelation
 v - a scroll of torment {!r}
 y - a scroll of noise {unknown}
 A - a scroll of fog {unknown}
 B - a scroll of silence {unknown}
 D - a scroll of fear {unknown}
 G - 2 scrolls of enchant weapon
 L - 2 scrolls of butterflies
 N - a scroll of poison {unknown}
 O - a scroll of blinking {unknown}
 Q - a scroll of amnesia {unknown}
 S - 2 scrolls of teleportation {unknown}
 T - a scroll of immolation {unknown}
Potions
 c - a potion of invisibility {unknown}
 h - a potion of resistance {unknown}
 i - a potion of mutation {!q}
 p - a potion of might
 q - 2 potions of curing {unknown}
 s - a potion of attraction {unknown}
 w - a potion of brilliance {unknown}
 F - a potion of magic {unknown}
 P - a potion of haste {unknown}
 U - a potion of experience {unknown}


   Skills:
 - Level 10.0 Fighting
 + Level 11.7 Maces & Flails
 - Level 1.7 Throwing
 - Level 4.0 Dodging


You had 10 spell levels left.
You didn't know any spells.
Your spell library contained the following spells:

 Spells                   Type           Power      Damage    Failure   Level
 Freeze                   Ice            0%         1d3       50%         1
 Frozen Ramparts          Ice            0%         1d1       86%         3
 Fugue of the Fallen      Necr           0%         N/A       86%         3
 Hailstorm                Conj/Ice       0%         3d5       86%         3
 Ozocubu's Armour         Ice            0%         N/A       86%         3
 Manifold Assault         Tloc           0%         N/A       99%         4
 Summon Blazeheart Golem  Fire/Summ      0%         N/A       99%         4
 Orb of Destruction       Conj           0%         9d5       100%        7
 Spellforged Servitor     Conj/Summ      0%         N/A       100%        7


Dungeon Overview and Level Annotations

Branches:
Dungeon (10/15)            Temple (1/1) D:4            Lair (1/5) D:8
    Orc (0/2) D:10

Altars:
Ashenzari
Cheibriados
Dithmenos
Elyvilon
Fedhas
Gozag
Hepliaklqana
Kikubaaqudgha
Makhleb
Nemelex Xobeh
Okawaru
Qazlal
Ru
Sif Muna
Trog
Uskayaw
Vehumet
Wu Jian
Xom
Yredelemnul
Zin
The Shining One

Shops:
D:1 :   D:10 [(

Annotations:
D:2 1 exclusion
D:8 1 exclusion
Lair:1 Urug


Innate Abilities, Weirdness & Mutations

You are a tree.
Your roots penetrate the ground, keeping you stationary.
You cannot be teleported.
You are immune to unholy pain and torment.
Your maximum health is greatly increased.
Your equipment is partially melded.
Your life essence is reduced to manifest your ancestor. (-10% HP)
You are too large for most types of armour.
((You have claws for hands.))
Your natural rate of healing is unusually fast.
((You are covered in fur. (AC +1)))
((You have tough skin. (AC +1)))


Message History

* * * LOW HITPOINT WARNING * * *
Agathoclea points at the wolf and mumbles some strange words.
The wolf appears confused.
Okay, then.
Okay, then.
Unknown command.
The +8 sling of Avedaifa {freeze, rN+ Will+ Stlth+} stops glowing.
Your +3 flail of protection hums with potential!
a - a +3 flail of protection (weapon)
The black mamba bites you!
* * * LOW HITPOINT WARNING * * *
The wolf bites you.
* * * LOW HITPOINT WARNING * * *
You turn into a tree.
Your +2 hat melds into your body.
Your +0 robe melds into your body.
Your roots penetrate the ground.
The black mamba bites you!
* * * LOW HITPOINT WARNING * * *
The yak gores you but does no damage. The wolf bites you.
* * * LOW HITPOINT WARNING * * *
The yak gores you.
* * * LOW HITPOINT WARNING * * *
Agathoclea points at the wolf and mumbles some strange words.
The wolf resists with significant effort.
The black mamba bites you but does no damage.
Unknown command.
A red film seems to cover your vision as you go berserk!
You feel yourself moving faster!
You feel mighty! The yak gores you.
* * * LOW HITPOINT WARNING * * *
The black mamba bites you but does no damage.
The yak gores you!
* * * LOW HITPOINT WARNING * * *
The wolf bites you but does no damage.
Agathoclea hits the wolf with a +0 dagger of draining. x2
Agathoclea drains the wolf.
Unknown command.
Unknown command.
You thump the black mamba!
Your weapon exudes an aura of protection.
The black mamba bites you but does no damage.
The wolf closely misses the black mamba.
The yak gores you but does no damage. x2
Agathoclea hits the wolf but does no damage.
You closely miss the black mamba.
The black mamba bites you but does no damage.
The wolf bites you.
* * * LOW HITPOINT WARNING * * *
Agathoclea gestures at the wolf while chanting.
The wolf appears confused.
The yak gores you but does no damage. The black mamba bites you.
You die...

# #.# #.........##.#.# #.# #
###.########...###..###.#.# #.#
###...#....##.....##........###..
....###....#..P....#.............
##..# #..###....P..#..###.#...###
....###..##...................#
#.........#.....R....####.#...###
#.#.####.......hY....# #.........
#.#.# #.##....S♣....# #.........
#.#.# #.##....Y.....# #.........
#.#.# #.###.P...P.########...###
#.#.####.###.......#..........###
#..........##.....######.........
########..####...## #..<######
#..# #..## ##### #..# #.## #..#
#.#


You could see the friendly Agathoclea the hexer, a black mamba, 2 yaks and a
wolf (confused, very drained, ally target).

Vanquished Creatures
  Snorg (D:10)
  An elephant (D:8)
  Joseph (D:9)
  A cane toad (Lair:1)
  Grinder (D:3)
  Sigmund (D:6)
  5 wyverns
  A basilisk (D:8)
  A yak (D:8)
  Menkaure (D:6)
  Edmund (D:6)
  A water moccasin (D:6)
  2 black bears
  2 orc warriors
  3 ogres
  4 centaurs
  3 bullfrogs
  2 kobold brigands
  A gnoll sergeant (D:9)
  A scorpion (D:6)
  A wight (D:4)
  5 killer bees (D:10)
  A bombardier beetle (D:3)
  3 howler monkeys
  A jelly (D:8)
  A human zombie (D:4)
  2 hounds
  A sleepcap (D:6)
  Jessica (D:3)
  Natasha (thrice) (D:3)
  2 iguanas
  An orc wizard (D:8)
  A scorpion zombie (D:4)
  A hound zombie (D:4)
  A mummy (D:4)
  2 gnolls
  6 adders
  A shadow imp (D:6)
  A white imp (D:6)
  An ufetubus (D:6)
  An adder zombie (D:4)
  5 ribbon worms (D:2)
  A dart slug (D:3)
  20 orcs
  5 endoplasms
  6 giant cockroaches
  4 goblins
  4 hobgoblins
  6 jackals
  17 kobolds
  2 quokkas
  5 ball pythons
  4 bats
  4 frilled lizards (D:1)
  3 rats
157 creatures vanquished.

Vanquished Creatures (collateral kills)
  A two-headed ogre (D:8)
  An orc knight (D:10)
  A troll (D:9)
  A wyvern (D:8)
  A water moccasin (D:7)
  Duvessa (D:6)
  An orc warrior (D:8)
  2 ice beasts
  A sky beast (D:8)
  An ogre (D:7)
  A centaur (D:10)
  A phantom (D:6)
  A kobold brigand (D:9)
  A gnoll sergeant (D:9)
  A scorpion (D:6)
  2 necrophages (D:4)
  2 wights (D:4)
  Dowan (D:6)
  4 killer bees (D:10)
  A centaur zombie (D:4)
  A hound (D:6)
  2 iguanas
  5 gnolls (D:9)
  A white imp (D:6)
  An ufetubus (D:6)
  4 orcs
  2 jackals (D:3)
  4 kobolds
  A quokka zombie (D:4)
47 creatures vanquished.

Vanquished Creatures (others)
  4 hexers
  2 ancestors (D:4)
6 creatures vanquished.

Grand Total: 210 creatures vanquished

Notes
Turn   | Place    | Note
-------+----------+-------------------------------------------
     0 | D:1      | James the Troll Gladiator began the quest for the Orb.
     0 | D:1      | Reached XP level 1. HP: 19/19 MP: 0/0
   114 | D:1      | Reached skill level 3 in Maces & Flails
   277 | D:1      | Reached XP level 2. HP: 25/27 MP: 1/1
   332 | D:1      | Found Majurrur's Vocational Training.
   480 | D:1      | Found a faded altar of an unknown god.
   926 | D:2      | Reached XP level 3. HP: 33/33 MP: 2/2
   965 | D:2      | You fall into a shaft and drop 2 floors!
   965 | D:4      | Found a staircase to the Ecumenical Temple.
   974 | Temple   | Entered the Ecumenical Temple
  1011 | Temple   | Became a worshipper of Hepliaklqana the Forgotten
  1252 | D:3      | Reached skill level 4 in Maces & Flails
  1559 | D:2      | Reached XP level 4. HP: 38/41 MP: 3/3
  1660 | D:2      | Identified the +8 sling of Avedaifa {freeze, rN+ Will+
                  | Stlth+}
  1829 | D:3      | Reached skill level 5 in Maces & Flails
  1859 | D:3      | Reached * piety under Hepliaklqana
  1868 | D:3      | Noticed Jessica
  1870 | D:3      | Killed Jessica
  1871 | D:3      | Reached XP level 5. HP: 43/43 MP: 4/4
  1890 | D:3      | Noticed Natasha
  1895 | D:3      | Killed Natasha
  1919 | D:3      | Noticed Natasha
  1923 | D:3      | Killed Natasha
  1946 | D:3      | Noticed Natasha
  1947 | D:3      | Killed Natasha
  1948 | D:3      | Reached skill level 6 in Maces & Flails
  1950 | D:3      | Found a snail-covered altar of Cheibriados.
  2080 | D:3      | Noticed Grinder
  2087 | D:3      | Killed Grinder
  2088 | D:3      | Reached skill level 7 in Maces & Flails
  2088 | D:3      | Reached XP level 6. HP: 46/49 MP: 5/5
  2131 | D:4      | Reached XP level 7. HP: 58/58 MP: 6/6
  2156 | D:4      | Found a basalt altar of Yredelemnul.
  3007 | D:5      | Entered Level 5 of the Dungeon
  3007 | D:5      | Found a white marble altar of Elyvilon.
  3007 | D:5      | Found a glowing silver altar of Zin.
  3008 | D:5      | Found a glowing golden altar of the Shining One.
  3247 | D:5      | Found a stormy altar of Qazlal.
  3510 | D:5      | Reached ** piety under Hepliaklqana
  3511 | D:5      | Remembered your ancestor Agathoclea as a hexer
  4095 | D:6      | Noticed Duvessa
  4095 | D:6      | Noticed Dowan
  4098 | D:6      | Killed Duvessa
  4099 | D:6      | Reached skill level 8 in Maces & Flails
  4128 | D:6      | Killed Dowan
  4129 | D:6      | Reached XP level 8. HP: 68/68 MP: 7/7
  4200 | D:6      | Noticed Sigmund
  4204 | D:6      | Killed Sigmund
  4276 | D:6      | Reached skill level 5 in Fighting
  4834 | D:6      | Noticed Menkaure
  4838 | D:6      | Killed Menkaure
  4932 | D:6      | Reached XP level 9. HP: 82/82 MP: 8/8
  5016 | D:6      | Noticed Edmund
  5027 | D:6      | Killed Edmund
  5383 | D:7      | Reached skill level 9 in Maces & Flails
  5908 | D:8      | Found a shimmering altar of Xom.
  5948 | D:8      | Noticed a boulder beetle
  5948 | D:8      | Noticed a centaur warrior
  5949 | D:8      | Noticed a brown ugly thing
  5950 | D:8      | Noticed a troll
  5952 | D:8      | Noticed a catoblepas
  5953 | D:8      | Noticed a boulder beetle
  5997 | D:8      | Reached skill level 10 in Maces & Flails
  6093 | D:8      | Found a staircase to the Lair.
  6093 | D:8      | Noticed an elephant
  6108 | D:8      | Killed an elephant
  6125 | D:8      | Reached XP level 10. HP: 51/93 MP: 9/9
  6372 | D:8      | Reached *** piety under Hepliaklqana
  6553 | D:9      | Noticed a two-headed ogre
  6564 | D:8      | Killed a two-headed ogre
  6925 | D:9      | Noticed Joseph
  6936 | D:9      | Killed Joseph
  7072 | D:9      | Found an iron altar of Okawaru.
  7072 | D:9      | Found an ornate altar of the Wu Jian Council.
  7073 | D:9      | Found a blossoming altar of Fedhas.
  7194 | D:10     | Entered Level 10 of the Dungeon
  7251 | D:10     | Noticed Snorg
  7266 | D:10     | Killed Snorg
  7376 | D:10     | Reached skill level 11 in Maces & Flails
  7399 | D:10     | Reached skill level 10 in Fighting
  7575 | D:10     | Found Fireschy's Armour Shoppe.
  7580 | D:10     | Found a staircase to the Orcish Mines.
  7580 | D:10     | Found Hubbos's Weapon Shoppe.
  7582 | D:10     | Noticed an orc knight
  7614 | D:10     | Killed an orc knight
  7615 | D:10     | Reached XP level 11. HP: 105/105 MP: 10/10
  8187 | Lair:1   | Entered Level 1 of the Lair of Beasts
  8187 | Lair:1   | Noticed Urug
  8255 | D:8      | HP: 2/235 [yak (12)]
  8257 | D:8      | Slain by a black mamba

Illustrated notes

Levels and vault maps discovered:
D:1:      arrival_zaba_pyramid, layout_basic, basic_ecumenical_altar,
          nicolae_shop_vocational
D:2:      layout_basic, corexii_item_surrounded_by_moat
D:3:      layout_rooms, kennysheep_slug_shrine, uniq_natasha, uniq_jessica,
          uniq_grinder
D:4:      layout_basic, lemuel_mausoleum_altar_yredelemnul,
          minmay_temple_entry_waves
D:5:      layout_basic, good_gods_mini_temple, lemuel_round_altar
D:6:      minmay_chambers_of_threes, layout_basic,
          hangedman_abyss_or_decor_stabs, uniq_duvessa, uniq_edmund,
          uniq_menkaure, uniq_sigmund
D:7:      layout_basic
D:8:      layout_loops_ring, nicolae_overflow_crystal_walls, david_lair_generic,
          onia_ninara_dug_in_and_dangerous
D:9:      layout_gridville, gammafunk_temple_overflow_claw, uniq_joseph
D:10:     layout_cave_pools, orc_david_3, uniq_snorg
Temple:   minmay_temple_forest_path
Lair:1:   hellmonk_destroyed_diamonds, layout_concentric_octagons, uniq_urug

Skill      XL: |  1  2  3  4  5  6  7  8  9 10 |
---------------+-------------------------------+-----
Maces & Flails | 3 4 5 7 8 10 11 | 11.7
Fighting       | 2 3 6 8 10 | 10.0
Dodging        | 3 4 |  4.0
Throwing       | |  1.7

Action                     |  1- 3 |  4- 6 |  7- 9 | 10-12 || total
---------------------------+-------+-------+-------+-------++-------
  Melee: Flail             |   138 |    22 |     6 |    51 ||   217
         Punch             |     3 |       |       |       ||     3
   Fire: Sling             |       |    37 |   217 |   128 ||   382
 Invoke: Ancestor Identity |       |     1 |       |       ||     1
         Recall Ancestor   |       |       |     1 |       ||     1
         Ancestor Life: He |       |       |     1 |       ||     1
    Use: Scroll            |       |       |     6 |     5 ||    11
         Potion            |       |       |       |     3 ||     3
   Stab: Confused          |       |       |       |     1 ||     1
 Armour: Robe              |   103 |    25 |    75 |   169 ||   372
         Skin              |       |       |       |    16 ||    16
  Dodge: Dodged            |   122 |    21 |    47 |    97 ||   287
